 Dungeon Crawl Stone Soup version 0.25.1-1-g288607f5aa (webtiles) character file.

Game seed: 14616466044286303671

120976 Zing the Cleaver (level 16, -1/105 HPs)
             Began as a Gargoyle Fighter on July 24, 2020.
             Was the Champion of Nemelex Xobeh.
             Killed by divine providence
             ... invoked by Arachne the sphinx
              (11 damage)
             ... on level 3 of the Spider Nest.
             The game lasted 00:59:54 (25245 turns).

Zing the Cleaver (Gargoyle Fighter)                Turns: 25245, Time: 00:59:54

Health: -1/105     AC: -4    Str: 26    XL:     16   Next: 83%
Magic:  18/25      EV: 29    Int:  8    God:    Nemelex Xobeh [******]
Gold:   1383       SH:  5    Dex: 18    Spells: 13/15 levels left

rFire    . . .     SeeInvis +   (weapon currently unavailable)
rCold    . . .     Gourm    .   (shield currently unavailable)
rNeg     + . .     Faith    .   (armour currently unavailable)
rPois    ∞         Spirit   .   (helmet currently unavailable)
rElec    .         Reflect  +   (cloak currently unavailable)
rCorr    .         Harm     .   (gloves currently unavailable)
MR       +....                  (boots currently unavailable)
Stlth    ++........             B - amulet of reflection
HPRegen  0.27/turn              (ring currently unavailable)
MPRegen  0.19/turn              (ring currently unavailable)

@: agile, bat-form, corroded, flying, hasted, very quick
A: tiny, thin skeletal structure 1, see invisible, negative energy resistance 1,
petrification resistance, rot immunity, AC +12
a: Draw Escape, Draw Destruction, Draw Summoning, Triple Draw, Deal Four, Stack
Five, Renounce Religion


You were on level 3 of the Spider Nest.
You worshipped Nemelex Xobeh.
Nemelex Xobeh was exalted by your worship.
You were not hungry.
You were in bat-form.
You visited 4 branches of the dungeon, and saw 23 of its levels.
You also visited: Ice Cave.

You collected 2493 gold pieces.
You spent 1110 gold pieces at shops.

Inventory:

Hand Weapons
 a - a +1 flail
 G - the +8 mithril axe "Arga" (melded) {speed, MR+}
   (You found it on level 8 of the Dungeon)

   Attacks with this weapon are significantly faster.
   It affects your resistance to hostile enchantments.
 V - the +3 war axe of Qesucs {venom, rF+ Str+4 Int+2}
   (You found it on level 6 of the Lair of Beasts)

   It poisons the flesh of those it strikes.
   It affects your strength (+4).
   It affects your intelligence (+2).
   It protects you from fire.
Armour
 e - a +2 kite shield (melded)
 h - the +6 ring mail of Virtue {rElec}
   (You found it on level 4 of the Dungeon)

   It insulates you from electricity.
 A - a +2 cloak of poison resistance
 C - a +3 plate armour of magic resistance (melded)
 H - a +0 plate armour
 I - a +0 pair of boots (melded)
 O - the +3 pair of gloves "Xeqozam" (melded) {rC+ Regen+}
   (You found it on level 2 of the Spider Nest)

   It protects you from cold.
   It increases your rate of regeneration.
 U - a scarf of repulsion
 W - a scarf of resistance (melded)
Jewellery
 u - an uncursed amulet of the acrobat
 z - an uncursed ring of protection from magic
 B - an amulet of reflection (around neck)
 E - a +4 ring of slaying (melded)
 J - an uncursed ring of positive energy
 K - a +4 ring of protection (melded)
 M - a +6 ring of dexterity
 Q - an uncursed amulet of regeneration
 T - an uncursed ring of positive energy
 X - an uncursed ring of stealth
Wands
 g - a wand of polymorph (18)
 o - a wand of paralysis (19)
 p - a wand of iceblast (10)
 x - a wand of clouds (3)
 F - a wand of random effects (23)
 L - a wand of flame (59)
 S - a wand of disintegration (14)
 Y - a wand of acid (7)
Scrolls
 b - 2 scrolls of torment
 d - a scroll of silence
 j - 6 scrolls of remove curse
 l - 4 scrolls of amnesia
 m - a scroll of fog
 n - 12 scrolls of teleportation
 w - 7 scrolls of identify
 y - 5 scrolls of enchant weapon
 D - 4 scrolls of magic mapping
 N - 2 scrolls of brand weapon
 P - 4 scrolls of fear
Potions
 c - 2 potions of cancellation
 i - 3 potions of ambrosia
 k - a potion of stabbing
 q - 2 potions of magic
 r - 6 potions of curing
 s - a potion of heal wounds
 t - 2 potions of might
 v - 2 potions of brilliance
Comestibles
 f - 15 rations


   Skills:
 * Level 13.6 Fighting
 + Level 14.7(15.3) Axes
 - Level 8.0(13.0) Maces & Flails
 * Level 12.5 Armour
 + Level 5.1 Dodging
 + Level 12.1 Shields
 - Level 2.2 Translocations
 * Level 12.4 Invocations
 + Level 0.6 Evocations


You had 13 spell levels left.
You knew the following spells:

 Your Spells              Type           Power        Failure   Level  Hunger
a - Blink                 Tloc           N/A          26%         2    ###....

Your spell library contained the following spells:

 Spells                   Type           Power        Failure   Level  Hunger
 Shroud of Golubria       Chrm/Tloc      #.....       38%         2    ###....
 Beastly Appendage        Tmut           #.....       41%         1    ##.....
 Freeze                   Ice            #...         41%         1    ##.....
 Magic Dart               Conj           #...         41%         1    ##.....
 Sting                    Tmut/Pois      #...         41%         1    ##.....
 Gell's Gravitas          Tloc           #.........   45%         3    ####...
 Lesser Beckoning         Tloc           #.........   45%         3    ####...
 Teleport Other           Tloc           #.......     45%         3    ####...
 Call Imp                 Summ           #.......     54%         2    ###....
 Poisonous Vapours        Pois/Air       #.....       54%         2    ###....
 Slow                     Hex            #.......     54%         2    ###....
 Sticks to Snakes         Tmut           #.......     54%         2    ###....
 Conjure Flame            Conj/Fire      #.......     78%         3    ####...
 Frozen Ramparts          Ice            #.....       78%         3    ####...
 Ignite Poison            Fire/Tmut/Pois #.......     78%         3    ####...
 Mephitic Cloud           Conj/Pois/Air  #.......     78%         3    ####...
 Ozocubu's Armour         Chrm/Ice       #.......     78%         3    ####...
 Spider Form              Tmut/Pois      #.........   78%         3    ####...
 Passage of Golubria      Tloc           N/A          86%         4    #####..
 Hailstorm                Conj/Ice       #.......     99%         4    #####..
 Ice Form                 Ice/Tmut       #.......     99%         4    #####..
 Olgreb's Toxic Radiance  Pois           #.......     99%         4    #####..
 Summon Ice Beast         Ice/Summ       #.......     99%         4    #####..
 Blade Hands              Tmut           #.........   100%        5    ######.


Dungeon Overview and Level Annotations

Branches:
Dungeon (12/15)            Temple (0/1) D:7            Lair (6/6) D:11
 Shoals (0/4) Lair:2       Spider (3/4) Lair:2        Slime (0/5) Lair:5
    Orc (2/2) D:11            Elf (0/3) Orc:2         IceCv (visited)

Altars:
Ashenzari
Cheibriados
Fedhas
Hepliaklqana
Kikubaaqudgha
Makhleb
Nemelex Xobeh
Qazlal
Sif Muna
Trog
Vehumet
Xom
The Shining One
Beogh
Jiyva

Shops:
D:6 *   D:12 =?   Orc:2 }[::

Annotations:
Lair:1 exclusion: oklob plant
Spider:3 Arachne


Innate Abilities, Weirdness & Mutations

You are resistant to torment.
((Your stone body is resilient. (AC +12)))
You are immune to poison.
((Your large and strong wings let you fly indefinitely.))
You resist negative energy. (rN+)
((You are resistant to electric shocks. (rElec)))
((You can survive without breathing.))
You are immune to petrification.
You are immune to rotting.
((You have a pair of small horns on your head.))
You have a somewhat thin skeletal structure. (Dex +2, Stealth)
You have supernaturally acute eyesight. (SInv)


Message History

Your yaktaur shoots a bolt.
The bolt closely misses the jumping spider.
The bolt hits the tarantella!!
The tarantella dies!
The jumping spider returns to its original shape as it dies.
The bolt disappears in a puff of smoke!
The wolf spider completely misses you. The wolf spider misses you.
The mana viper bites your yaktaur!
Your yaktaur dies!
Your yaktaur's corpse disappears in a puff of smoke!
The spriggan misses your basilisk.
The wolf spider hits your yaktaur but does no damage.
The wolf spider bites your yaktaur but does no damage.
The ufetubus completely misses your yaktaur.
The ufetubus hits your yaktaur but does no damage.
The redback closely misses your basilisk.
The redback bites your yaktaur.
Arachne mumbles some strange words.
Something smites you!
You die...
Your body disappears without a glow.

.. . ..#.. ^#.
... ..... ... .
..^#.#... .. ..
#......... ...
#.#^s#Ys#. ^..
^...sN3si .. ^
#l°5l#t#....
#baS.#
....hsss§.c....
#....5cc.#.....
.^.^.sss#H #...
.#........$ ..
............ s
.s.†$.... ...
.s.#....^.).[.


You could see Arachne the sphinx (webbed, misshapen), an entropy weaver, 2 wolf
spiders, an apocalypse crab (misshapen), a mana viper (misshapen), a komodo
dragon (misshapen), a yak (misshapen), a ynoxinul (summoned, agile, invisible,
petrified), 3 jumping spiders, 4 tarantellas, 4 redbacks, a spriggan
(misshapen), 2 ufetubi, a friendly naga sharpshooter (summoned, invisible,
catching breath), 2 friendly yaktaurs, a friendly raiju (summoned), a friendly
basilisk (summoned, fast, agile, invisible) and a friendly centaur (summoned).

Vanquished Creatures
  Rupert (Lair:5)
  Asterion (Spider:2)
  6 emperor scorpions
  2 very ugly things (IceCv)
  2 entropy weavers (Spider:1)
  6 hydras
  A catoblepas (Lair:5)
  11 two-headed ogres
  7 death yaks (Lair:5)
  4 ogre magi (Orc:2)
  An iron troll (Lair:5)
  An unseen horror (D:11)
  2 sea snakes
  A lindwurm (Lair:6)
  A harpy (Spider:2)
  10 wolf spiders
  14 orb spiders
  A mana viper (Orc:2)
  An orc sorcerer (Orc:1)
  4 ugly things
  2 cyclopes
  A deep elf mage (D:12)
  3 elephants (Lair:6)
  A centaur zombie (D:11)
  5 ice statues (IceCv)
  Joseph (Lair:1)
  3 black mambas
  A merfolk siren (Lair:2)
  13 spiny frogs
  2 centaur skeletons (D:12)
  4 rime drakes
  12 demonic crawlers
  7 komodo dragons
  An anaconda simulacrum (IceCv)
  3 kobold demonologists
  6 trolls
  A troll (shapeshifter) (D:12)
  21 jumping spiders
  5 polar bears (Lair:6)
  11 hornets
  16 blink frogs
  A raiju (Lair:4)
  8 hippogriffs
  11 spriggans
  A shadow (D:12)
  26 redbacks
  18 tarantellas
  3 basilisks
  51 yaks
  3 wyverns
  Eustachio (D:5)
  9 humans
  A hungry ghost (D:7)
  3 vampire mosquitoes (D:12)
  4 harpy simulacra (IceCv)
  8 wargs
  A naga (Lair:5)
  An iron troll simulacrum (IceCv)
  13 water moccasins
  3 hydra simulacra (IceCv)
  14 orc warriors
  9 porcupines
  7 sky beasts
  25 wolves
  5 necrophages
  13 ice beasts
  5 black bears
  2 eyes of draining
  2 phantoms
  4 boggarts (Lair:6)
  17 ogres
  15 crocodiles
  5 centaurs
  7 big kobolds
  A gnoll sergeant (D:9)
  9 bullfrogs
  19 killer bees
  A water moccasin skeleton (D:5)
  2 scorpions
  3 wights (D:11)
  An electric eel (Spider:2)
  7 crimson imps
  2 bullfrog zombies
  A quasit (D:10)
  12 jellies
  13 orc priests
  12 hounds
  21 orc wizards
  Jessica (D:11)
  5 bullfrog skeletons
  10 iguanas
  Terence (D:2)
  4 hell rats (Lair:6)
  9 worker ants
  6 hound zombies
  2 hound skeletons
  A howler monkey zombie (D:8)
  A worker ant zombie (D:9)
  14 adders
  8 gnolls
  A river rat (D:8)
  2 shadow imps
  14 oozes
  An adder zombie (D:7)
  2 worms
  3 dart slugs (D:1)
  4 leopard geckos
  52 orcs
  8 bats
  2 bat zombies (D:6)
  11 giant cockroaches
  6 goblins
  4 hobgoblins
  12 jackals
  26 kobolds
  9 quokkas
  10 frilled lizards
  A jackal skeleton (D:6)
  2 leopard gecko skeletons
  2 quokka zombies
  4 rats
  2 rat zombies (D:6)
  2 bushes (D:8)
  A butterfly (Lair:4)
  2 fungi
  6 plants
847 creatures vanquished.

Vanquished Creatures (collateral kills)
  An orc warlord (Orc:1)
  2 hydras
  A two-headed ogre (Orc:2)
  2 death yaks (Lair:5)
  An orc knight (Orc:2)
  An orb spider (Spider:3)
  A rime drake (Lair:4)
  A spiny frog (Lair:5)
  A polar bear (Spider:3)
  A hippogriff (Lair:5)
  A tarantella (Spider:3)
  A human (D:10)
  A wraith (D:11)
  2 wargs
  A water moccasin (D:11)
  An orc warrior (Orc:1)
  An ice beast (D:10)
  A sky beast (D:5)
  An ogre (Orc:1)
  A wolf (Lair:6)
  A centaur (D:11)
  A crocodile (Lair:4)
  An orc priest (Orc:2)
  A shadow imp (D:10)
  14 orcs
  2 butterflies (Lair:4)
43 creatures vanquished.

Vanquished Creatures (others)
  12 fungi
  5 plants
17 creatures vanquished.

Grand Total: 907 creatures vanquished

Notes
Turn   | Place    | Note
-------+----------+-------------------------------------------
     0 | D:1      | Zing the Gargoyle Fighter began the quest for the Orb.
     0 | D:1      | Reached XP level 1. HP: 14/14 MP: 1/1
   190 | D:1      | Reached XP level 2. HP: 14/19 MP: 2/2
   582 | D:1      | Reached XP level 3. HP: 23/23 MP: 3/3
  1456 | D:2      | Reached XP level 4. HP: 27/28 MP: 4/4
  1855 | D:2      | Noticed Terence
  1868 | D:2      | Killed Terence
  1868 | D:2      | Reached XP level 5. HP: 33/33 MP: 5/5
  2591 | D:4      | Reached skill level 1 in Dodging
  2591 | D:4      | Reached XP level 6. HP: 38/38 MP: 6/6
  2941 | D:5      | Entered Level 5 of the Dungeon
  2941 | D:5      | Noticed a phantom
  3000 | D:5      | Killed a phantom
  3182 | D:4      | Gained mutation: You have supernaturally acute eyesight.
                  | (SInv) [potion of mutation]
  3182 | D:4      | Gained mutation: You have a somewhat thin skeletal
                  | structure. (Dex +2, Stealth) [potion of mutation]
  3182 | D:4      | Gained mutation: You have a pair of small horns on your
                  | head. [potion of mutation]
  3212 | D:4      | Reached skill level 5 in Shields
  3212 | D:4      | Reached XP level 7. HP: 39/43 MP: 7/7
  3633 | D:4      | Found a sparkling altar of Nemelex Xobeh.
  3669 | D:4      | Became a worshipper of Nemelex Xobeh the Trickster
  3780 | D:4      | Got an encrusted ring mail
  3791 | D:4      | Identified the +6 ring mail of Virtue {rElec} (You found it
                  | on level 4 of the Dungeon)
  3906 | D:5      | Reached skill level 5 in Maces & Flails
  3964 | D:5      | Received a gift from Nemelex Xobeh
  3979 | D:5      | Noticed Blork the orc
  3983 | D:5      | Noticed Blork
  3983 | D:5      | Blork the orc changed into Blork the hound
  3991 | D:5      | Killed Blork the hound
  4068 | D:5      | Reached skill level 1 in Invocations
  4220 | D:5      | Found a stormy altar of Qazlal.
  4349 | D:5      | Noticed Eustachio
  4357 | D:5      | Killed Eustachio
  4393 | D:5      | Reached skill level 5 in Armour
  4555 | D:5      | Reached XP level 8. HP: 48/48 MP: 9/9
  5148 | D:6      | Found a bloodstained altar of Trog.
  5196 | D:6      | Found Gaut Amn's General Store.
  5208 | D:6      | Bought a potion of might for 44 gold pieces
  5208 | D:6      | Bought a scroll of teleportation for 33 gold pieces
  5208 | D:6      | Bought a scroll of identify for 22 gold pieces
  5309 | D:6      | Found a bloodstained altar of Trog.
  5386 | D:6      | Reached * piety under Nemelex Xobeh
  5509 | D:6      | Found a shimmering altar of Xom.
  5518 | D:6      | Reached skill level 5 in Fighting
  5854 | D:6      | Found an ancient bone altar of Kikubaaqudgha.
  5945 | D:6      | Reached XP level 9. HP: 54/54 MP: 11/11
  6660 | D:7      | Found a staircase to the Ecumenical Temple.
  6746 | D:7      | Received a gift from Nemelex Xobeh
  7195 | D:8      | Reached skill level 5 in Invocations
  7333 | D:8      | Reached ** piety under Nemelex Xobeh
  7349 | D:8      | Found the +8 mithril axe "Arga" {speed, MR+}
  7392 | D:8      | Found a blossoming altar of Fedhas.
  7430 | D:8      | Reached skill level 1 in Axes
  7430 | D:8      | Reached XP level 10. HP: 60/60 MP: 13/13
  7476 | D:8      | Reached skill level 2 in Axes
  7613 | D:8      | Received a gift from Nemelex Xobeh
  7724 | D:8      | Found a hazy altar of Hepliaklqana.
  7863 | D:9      | Reached skill level 3 in Axes
  7889 | D:9      | Found a burning altar of Makhleb.
  7938 | D:9      | Found a glowing golden altar of the Shining One.
  8010 | D:9      | Found a snail-covered altar of Cheibriados.
  8269 | D:9      | Reached skill level 4 in Axes
  8292 | D:9      | Found a shimmering blue altar of Sif Muna.
  8741 | D:10     | Entered Level 10 of the Dungeon
  8954 | D:10     | Noticed a white ugly thing
  8963 | D:10     | Killed a white ugly thing
  8963 | D:10     | Reached skill level 5 in Axes
  8974 | D:10     | Noticed a two-headed ogre
  8982 | D:10     | Killed a two-headed ogre
  8982 | D:10     | Reached XP level 11. HP: 67/67 MP: 15/15
  9012 | D:10     | Reached skill level 6 in Axes
  9246 | D:10     | Reached *** piety under Nemelex Xobeh
  9246 | D:10     | Received a gift from Nemelex Xobeh
  9321 | D:10     | Noticed Sonja
  9325 | D:10     | Noticed Sonja
  9325 | D:10     | Sonja changed into Sonja the human
  9329 | D:10     | Killed Sonja the human
  9583 | D:10     | Reached skill level 7 in Axes
 10030 | D:11     | Received a gift from Nemelex Xobeh
 10052 | D:11     | Noticed a two-headed ogre
 10063 | D:11     | Killed a two-headed ogre
 10163 | D:11     | Reached skill level 8 in Axes
 10469 | D:11     | Noticed a cyclops
 10471 | D:11     | Killed a cyclops
 10505 | D:11     | Noticed an unseen horror
 10508 | D:11     | Reached XP level 12. HP: 62/73 MP: 17/17
 10527 | D:11     | Reached skill level 9 in Axes
 10773 | D:11     | Found a staircase to the Orcish Mines.
 10835 | D:11     | Found a runed translucent door.
 10943 | D:11     | Found a staircase to the Lair.
 11136 | D:11     | Found a runed translucent door.
 11136 | D:11     | Found a runed translucent door.
 11144 | D:11     | Found a runed translucent door.
 11146 | D:11     | Found a runed translucent door.
 11159 | D:11     | Noticed Jessica
 11236 | D:11     | Killed Jessica
 11326 | D:11     | Found a runed translucent door.
 11448 | D:12     | Found Beybiuc's Jewellery Shop.
 11448 | D:12     | Noticed a two-headed ogre
 11450 | D:12     | Noticed a two-headed ogre
 11452 | D:12     | a two-headed ogre changed into a sea snake
 11452 | D:12     | a two-headed ogre changed into a glowing shapeshifter
 11461 | D:12     | Reached skill level 10 in Axes
 11818 | D:12     | Noticed a two-headed ogre
 11829 | D:12     | Killed a two-headed ogre
 12032 | D:12     | Found Dearikkaet's Magic Scroll Emporium.
 12037 | D:12     | Bought a scroll of blinking for 97 gold pieces
 12037 | D:12     | Bought a scroll of identify for 26 gold pieces
 12037 | D:12     | Bought a scroll of identify for 26 gold pieces
 12037 | D:12     | Bought a scroll of fear for 45 gold pieces
 12037 | D:12     | Bought a scroll of blinking for 97 gold pieces
 12037 | D:12     | Bought a scroll of magic mapping for 45 gold pieces
 12037 | D:12     | Bought a scroll of magic mapping for 45 gold pieces
 12091 | D:12     | Noticed a six-headed hydra
 12109 | D:12     | Killed a six-headed hydra
 12129 | D:12     | Reached XP level 13. HP: 62/80 MP: 19/19
 12527 | Lair:1   | Entered Level 1 of the Lair of Beasts
 12527 | Lair:1   | Noticed Joseph
 12535 | Lair:1   | Killed Joseph
 12561 | Lair:1   | Reached **** piety under Nemelex Xobeh
 12573 | Lair:1   | Received a gift from Nemelex Xobeh
 12636 | Lair:1   | Reached skill level 11 in Axes
 13022 | Lair:1   | Received a gift from Nemelex Xobeh
 13776 | Lair:2   | Found a hole to the Spider Nest.
 13901 | Lair:2   | Received a gift from Nemelex Xobeh
 14157 | Lair:2   | Reached ***** piety under Nemelex Xobeh
 14495 | Lair:2   | Found a staircase to the Shoals.
 14854 | Lair:3   | Received a gift from Nemelex Xobeh
 14996 | Lair:3   | Reached skill level 10 in Fighting
 15501 | Lair:3   | Received a gift from Nemelex Xobeh
 15550 | Lair:3   | Reached skill level 10 in Armour
 16164 | Lair:4   | Received a gift from Nemelex Xobeh
 16697 | Lair:4   | Received a gift from Nemelex Xobeh
 16890 | Lair:5   | Gained mutation: Your large and strong wings let you fly
                  | indefinitely. [Gargoyle growth]
 16890 | Lair:5   | Reached XP level 14. HP: 88/88 MP: 21/21
 16908 | Lair:5   | Reached skill level 12 in Axes
 16980 | Lair:5   | Reached skill level 10 in Shields
 16985 | Lair:5   | Reached skill level 10 in Invocations
 17154 | Lair:5   | Noticed Kirke
 17160 | Lair:5   | Noticed Kirke
 17160 | Lair:5   | Kirke changed into Kirke the iron troll
 17167 | Lair:5   | Killed Kirke the iron troll
 17287 | Lair:5   | Found a shattered altar of Ashenzari.
 17411 | Lair:5   | Received a gift from Nemelex Xobeh
 17418 | Lair:5   | Found a viscous altar of Jiyva.
 17425 | Lair:5   | Noticed Rupert
 17438 | Lair:5   | Killed Rupert
 17442 | Lair:5   | Found a staircase to the Slime Pits.
 17520 | Lair:5   | Found a glowing golden altar of the Shining One.
 17944 | Lair:6   | Entered Level 6 of the Lair of Beasts
 18283 | Lair:6   | Received a gift from Nemelex Xobeh
 18297 | Lair:6   | Reached skill level 13 in Axes
 18613 | Lair:6   | Reached ****** piety under Nemelex Xobeh
 18621 | Lair:6   | Got a fading war axe
 18622 | Lair:6   | Identified the +3 war axe of Qesucs {venom, rF+ Str+4
                  | Int+2} (You found it on level 6 of the Lair of Beasts)
 18732 | Lair:6   | Identified the +2 long sword "Keol" {antimagic, rF++}
 18925 | Lair:6   | Reached XP level 15. HP: 96/96 MP: 23/23
 19460 | Lair:6   | Received a gift from Nemelex Xobeh
 19553 | Lair:6   | Learned a level 2 spell: Blink
 20018 | Orc:1    | Entered Level 1 of the Orcish Mines
 20130 | Orc:1    | Received a gift from Nemelex Xobeh
 20227 | Orc:2    | Entered Level 2 of the Orcish Mines
 20264 | Orc:2    | Reached skill level 1 in Translocations
 20383 | Orc:2    | Found a staircase to the Elven Halls.
 20406 | Orc:2    | Found a roughly hewn altar of Beogh.
 20413 | Orc:1    | Noticed an orc warlord
 20860 | Orc:2    | Reached skill level 5 in Dodging
 21108 | Orc:2    | Found Plog's Armour Shoppe.
 21108 | Orc:2    | Found Elekapeu's Book Boutique.
 21108 | Orc:2    | Found Deadunt's Gadget Shop.
 21108 | Orc:2    | Found Lepsytoq's Book Shoppe.
 21127 | Orc:2    | Bought a +3 plate armour of magic resistance for 630 gold
                  | pieces
 21647 | Orc:1    | Identified the +0 hand axe "Haxt" {flame, rF- Str+4 Dex+4}
 21669 | Orc:1    | Killed an orc warlord
 21671 | Orc:1    | Found a radiant altar of Vehumet.
 21707 | Orc:1    | Received a gift from Nemelex Xobeh
 21953 | Spider:1 | Entered Level 1 of the Spider Nest
 22269 | Spider:1 | Noticed an emperor scorpion
 22305 | Spider:1 | Killed an emperor scorpion
 22664 | Spider:1 | Received a gift from Nemelex Xobeh
 22782 | Spider:1 | Reached skill level 14 in Axes
 22782 | Spider:1 | Reached XP level 16. HP: 102/103 MP: 24/24
 23656 | Spider:2 | Received a gift from Nemelex Xobeh
 23660 | Spider:2 | Noticed Asterion
 23664 | Spider:2 | Killed Asterion
 23722 | Spider:2 | Found a frozen archway.
 23731 | IceCv    | Entered an ice cave
 23803 | IceCv    | Identified a scroll of acquirement
 23803 | IceCv    | Acquired a scarf of repulsion
 24675 | Spider:2 | Got a pair of translucent gloves
 24681 | Spider:2 | Identified the +3 pair of gloves "Xeqozam" {rC+ Regen+}
                  | (You found it on level 2 of the Spider Nest)
 24782 | Spider:2 | Received a gift from Nemelex Xobeh
 25234 | Spider:3 | Noticed Arachne
 25235 | Spider:3 | Noticed Arachne
 25235 | Spider:3 | Arachne changed into Arachne the sphinx
 25242 | Spider:3 | Paralysed by a floating eye for 2 turns
 25245 | Spider:3 | Killed from afar by Arachne the sphinx

Illustrated notes

Levels and vault maps discovered:
D:1:      lightli_arrival_maybe_door_vault, layout_basic, st_stairs_3
D:2:      layout_basic, uniq_terence
D:3:      layout_rooms, first_ration
D:4:      layout_rooms, nemelex_xobeh_ov_fountains_minmay
D:5:      layout_cave_pods, lemuel_tele_altar, uniq_eustachio,
          uniq_blork_the_orc
D:6:      minmay_razor_zed, layout_rooms, nicolae_overflow_crystal_walls,
          lemuel_zombie_altar_kikubaaqudgha, serial_shops, shop, basic_altar,
          trog_ov_bears_minmay
D:7:      layout_basic, minmay_temple_entry_stoned_glass
D:8:      layout_basic, kennysheep_mini, fedhas_altar_decomposition
D:9:      layout_loops_ring, old_standard_altar, lemuel_coloured_pillars_altar,
          lemuel_round_altar, tso_altar
D:10:     layout_grid_maze, grunt_pizzeria, uniq_sonja
D:11:     erik_cavepeople, layout_rooms, minmay_orc_entry_guard_dogs,
          grunt_decor_resistance, grunt_ministairs_15
D:12:     layout_long_grid, serial_shops, shop, kennysheep_little_box
Lair:1:   lemuel_slime, layout_loops_ring, grunt_forest_stairs_basic,
          uniq_joseph
Lair:2:   wad_woods_pond, layout_regular_city,
          minmay_shoals_entry_lonely_mermaid, spider_nest_entry_webs
Lair:3:   layout_chaotic_city, beast_lair_carwin_3, serial_bayou_shore_a,
          serial_bayou_shore_b
Lair:4:   layout_cave_pods, grunt_megastairs_5, lemuel_fruit_fields
Lair:5:   layout_regular_city, slime_altar_1, basic_altar,
          lemuel_altar_in_water2, uniq_rupert, uniq_kirke
Lair:6:   minmay_lair_end_enchanted_forest, layout_regular_city,
          grunt_megastairs_4
Spider:1: nicolae_spider_corner
Spider:2: layout_spider_delve, portal_ice_cave_entry_pillars_1, drop_trap,
          uniq_asterion
Spider:3: layout_spider_delve, uniq_arachne
Orc:1:    layout_diamond_mine, basic_altar
Orc:2:    st_orc_ogre_mass, layout_caves, basic_altar

Skill      XL: |  1  2  3  4  5  6  7  8  9 10 11 12 13 14 15 16 |
---------------+-------------------------------------------------+-----
Maces & Flails | 3 4 5 6 8 |  8.0
Shields        | 4 5 6 7 8 9 10 11 12 | 12.1
Armour         | 4 5 6 7 8 9 10 11 12 | 12.5
Dodging        | 1 2 3 4 5 |  5.1
Fighting       | 4 5 6 7 8 9 10 11 12 13 | 13.6
Invocations    | 1 3 5 6 7 8 9 10 11 12 | 12.4
Axes           | 1 5 8 10 11 13 14 | 14.7
Translocations | 2 |  2.2
Evocations     | |  0.6

Action                   |  1- 3 |  4- 6 |  7- 9 | 10-12 | 13-15 | 16-18 || total
-------------------------+-------+-------+-------+-------+-------+-------++-------
Melee: Flail             |   104 |   247 |   381 |       |       |       ||   732
       Headbutt          |       |     2 |    78 |   100 |   259 |    75 ||   514
       Broad axe         |       |       |    36 |   559 |  1053 |   304 ||  1952
       Unarmed           |       |       |       |       |       |     4 ||     4
Invok: Draw Destruction  |       |       |     4 |    23 |    32 |     8 ||    67
       Draw Summoning    |       |       |     2 |     3 |    17 |       ||    22
       Draw Escape       |       |       |     1 |     2 |     1 |       ||     4
       Triple Draw       |       |       |       |     1 |       |       ||     1
       Deal Four         |       |       |       |       |     2 |     1 ||     3
 Abil: Fly               |       |       |       |       |     1 |       ||     1
Evoke: Wand              |       |       |     1 |     9 |       |       ||    10
  Use: Potion            |       |     2 |     2 |     3 |     1 |     4 ||    12
       Scroll            |       |     2 |    14 |     7 |    16 |     6 ||    45
 Stab: Paralysed         |       |       |     2 |     7 |       |       ||     9
       Petrifying        |       |       |       |     3 |       |       ||     3
       Sleeping          |       |       |       |       |     2 |       ||     2
       Distracted        |       |       |       |       |     2 |       ||     2
  Eat: Chunk             |     1 |     2 |    17 |    15 |     9 |     1 ||    45
       Ration            |     1 |     1 |       |       |     8 |     3 ||    13
Armor: Scale mail        |    76 |   134 |    15 |       |       |       ||   225
       Ring mail         |       |       |   145 |   141 |   263 |       ||   549
       Plate armour      |       |       |       |       |    91 |   199 ||   290
Dodge: Dodged            |    41 |    85 |    94 |   112 |   237 |    98 ||   667
       Repelled          |       |       |       |       |       |     1 ||     1
Block: Kite shield       |    55 |   133 |   243 |   483 |   834 |   325 ||  2073
       Reflection        |       |       |     1 |    24 |    16 |     1 ||    42
